 Dungeon Crawl Stone Soup version 0.31-a0-265-gcf7e37af1d (webtiles) character file.

Game seed: 1504479399495977390

34 qw the Shooter (level 3, 0/21 HPs)
             Began as a Gargoyle Hexslinger on July 13, 2023.
             Slain by a goblin
             ... wielding a +0 dagger
             ... led by Robin
              (3 damage)
             ... on level 2 of the Dungeon.
             The game lasted 00:00:22 (732 turns).

qw the Shooter (Gargoyle Hexslinger)                 Turns: 732, Time: 00:00:23

Health: 0/21       AC:  5    Str: 11    XL:     3   Next: 31%
Magic:  4/4        EV: 12    Int: 13    God:
Gold:   54         SH:  0    Dex: 14    Spells: 3/4 levels left

rFire   . . .        Y - +1 sling
rCold   . . .        (no shield)
rNeg    + . .        c - +0 robe
rPois   inf          (no helmet)
rElec   +            (no cloak)
rCorr   .            (no gloves)
SInv    .            (no boots)
Will    .....        (no amulet)
Stlth   +            (no ring)
HPRegen 0.23/turn    (no ring)
MPRegen 0.09/turn

%: no passive effects
@: no status effects
A: sickness immunity, AC +3, negative energy resistance 1, electricity
resistance, torment resistance 1, petrification resistance
a: no special abilities


You were on level 2 of the Dungeon.
You visited 1 branch of the dungeon, and saw 2 of its levels.

You collected 54 gold pieces.


Innate Abilities, Weirdness & Mutations

You are immune to sickness and miasma.
Your stone body is resilient. (AC +3)
You are immune to poison.
You resist negative energy. (rN+)
You are resistant to electric shocks. (rElec)
You are resistant to unholy torment.
You are immune to petrification.


   Skills:
 - Level 2.0 Fighting
 + Level 3.2 Ranged Weapons
 - Level 1.5 Dodging
 - Level 1.0 Spellcasting
 - Level 2.6 Hexes


You had 3 spell levels left.
You knew the following spells:

 Your Spells              Type           Power      Damage    Failure   Level
a - Slow                  Hex            28%        N/A       10%         1

Your spell library contained the following spells:

 Spells                   Type           Power      Damage    Failure   Level
 Inner Flame              Hex/Fire       4%         N/A       43%         3
 Portal Projectile        Hex/Tloc       8%         N/A       43%         3
 Cause Fear               Hex            3%         N/A       67%         4

Inventory:

Hand Weapons
 Y - a +1 sling (weapon)
Armour
 c - a +0 robe (worn)
Jewellery
 b - an amulet of faith
Potions
 a - a potion of lignification {unknown}
 d - a potion of mutation {unknown}

Dungeon Overview and Level Annotations

Branches:
Dungeon (2/15)

Altars:

Shops:
D:1 (

Annotations:
D:2 Robin


Message History

The goblin barely misses you. Robin misses you.
The goblin hits you with a +0 club. x2
You shoot a sling bullet. The sling bullet closely misses Robin.
The sling bullet barely misses the hobgoblin.
Robin hits you but does no damage. The goblin hits you with a +0 dagger.
The goblin misses you. The goblin barely misses you. Robin barely misses you.
The goblin closely misses you. The goblin barely misses you.
You shoot a sling bullet. The sling bullet barely misses Robin.
The sling bullet barely misses the hobgoblin.
The sling bullet hits the goblin.
You kill the goblin!
The goblin no longer looks unusually strong. x3
The goblin hits you with a +0 club. The goblin misses you.
The goblin barely misses you. The goblin completely misses you.
You shoot a sling bullet. The sling bullet hits Robin.
Robin is heavily wounded.
The goblin no longer looks unusually strong.
The hobgoblin no longer looks unusually strong.
An adder comes into view.
The goblin closely misses you. The goblin barely misses you.
Robin hits you with a +0 falchion. The goblin barely misses you.
You shoot a sling bullet. The sling bullet barely misses Robin.
The adder hisses angrily.
The sling bullet hits the hobgoblin but does no damage.
The goblin no longer looks unusually strong.
The goblin hits you with a +0 club. The goblin hits you but does no damage.
Robin barely misses you. The goblin misses you.
You shoot a sling bullet. The sling bullet closely misses Robin.
The sling bullet hits the hobgoblin.
The hobgoblin is heavily wounded.
The goblin hits you but does no damage. The goblin misses you.
Robin roars a battlecry!
The goblins go into a battle-frenzy!
The goblin misses you. The goblin hits you but does no damage.
The goblin hits you with a +0 dagger.
You shoot a sling bullet. The sling bullet hits Robin.
Robin is almost dead.
The goblin misses you. The goblin closely misses you.
The goblin hits you with a +0 dagger.
You die...

.......### ##
#....#...#####...
...#.....+.....
#........#..########
#..#..<.........>..#
.........#####.#.###
..#......# #.#.###
#......###


#.gggg# .....### ###@#.# .....# #g# .. .##### ......gg.# .# ## .g.....).# #
..g......# g......... g.........# . ........... #. .........### You could see
Robin, a hobgoblin (strong) and 5 goblins.

Vanquished Creatures
  2 ball pythons (D:1)
  2 giant cockroaches
  5 hobgoblins
  2 jackals (D:1)
  2 bats
  A frilled lizard (D:2)
  5 goblins (D:2)
  7 kobolds
  3 rats
29 creatures vanquished.

Notes
Turn   | Place    | Note
-------+----------+-------------------------------------------
     0 | D:1      | qw the Gargoyle Hexslinger began the quest for the Orb.
     0 | D:1      | Reached XP level 1. HP: 12/12 MP: 2/2
     0 | D:1      | 0 ||| qw: Version: 0.3-a-52-g30416fa
     0 | D:1      | 0 ||| qw: Game counter: 7624
     0 | D:1      | 0 ||| qw: Melee chars always use a shield: true
     0 | D:1      | 0 ||| qw: God list: Okawaru
     0 | D:1      | 0 ||| qw: Allow faded altars: false
     0 | D:1      | 0 ||| qw: Do Orc after clearing Dungeon:15 true
     0 | D:1      | 0 ||| qw: Do second Lair branch before Depths: true
     0 | D:1      | 0 ||| qw: Lair rune preference: random
     0 | D:1      | 0 ||| qw: Goals: Normal
     0 | D:1      | 0 ||| PLANNING D:1-11
   145 | D:1      | Reached XP level 2. HP: 13/16 MP: 3/3
   205 | D:1      | Found Kigusarr's Weapon Shop.
   213 | D:1      | Reached skill level 3 in Ranged Weapons
   558 | D:1      | 558 ||| READING scroll labelled QIMPE FAGEPLU.
   559 | D:1      | 559 ||| READING 3 scrolls labelled XED XUGGUADD.
   560 | D:1      | 560 ||| DROPPING scroll of poison.
   561 | D:1      | 561 ||| DROPPING 2 scrolls of amnesia.
   642 | D:2      | Reached XP level 3. HP: 15/21 MP: 4/4
   644 | D:2      | 644 ||| FLEEEEING.
   645 | D:2      | 645 ||| FLEEEEING.
   646 | D:2      | 646 ||| FLEEEEING.
   647 | D:2      | 647 ||| FLEEEEING.
   648 | D:2      | 648 ||| FLEEEEING.
   649 | D:2      | 649 ||| FLEEEEING.
   650 | D:2      | 650 ||| FLEEEEING.
   651 | D:2      | 651 ||| FLEEEEING.
   656 | D:2      | 656 ||| FLEEEEING.
   657 | D:2      | 657 ||| FLEEEEING.
   678 | D:2      | Found a faded altar of an unknown god.
   711 | D:2      | Noticed Robin
   712 | D:2      | 712 ||| Stepping ~*~*~tactically~*~*~ (outnumbered).
   714 | D:2      | 714 ||| Stepping ~*~*~tactically~*~*~ (outnumbered).
   730 | D:2      | HP: 5/21 [goblin/+0 club[Robin] (3)]
   732 | D:2      | Slain by a goblin

Levels and vault maps discovered:
D:1:      shiori_arrival_elements, layout_rooms, serial_shops, shop
D:2:      layout_basic, hellmonk_ecumenical_altar_blasted, uniq_robin,
          uniq_sigmund

Skill      XL: |  1  2  3 |
---------------+----------+-----
Ranged Weapons | 3 |  3.2
Fighting       | 2 |  2.0
Dodging        | |  1.5
Spellcasting   | |  1.0
Hexes          | |  2.6

Action                     || total
---------------------------++-------
   Fire: Sling             ||    93
    Use: Scroll            ||     2
 Armour: Robe              ||    27
  Dodge: Dodged            ||    59

Table legend:
 A = Non-vault XP
 B = Vault XP
 C = Vault XP percentage of total XP
 D = Non-vault monster count
 E = Vault monster count
 F = Vault count percentage of total count
                 A         B        C        D         E       F
            +---------+---------+-------+---------+---------+-------
      Total |      39 |      10 |  20.4 |      24 |       5 |  17.2
            +---------+---------+-------+---------+---------+-------
        D:1 |      25 |       0 |   0.0 |      14 |       0 |   0.0
        D:2 |      14 |      10 |  41.7 |      10 |       5 |  33.3
            +---------+---------+-------+---------+---------+-------
